cohdb
Replays
Latest Replays
All Replays
Popular Replays
Top Player Replays
Match Explorer
How It Works
Community
CoH3 Stats
Reddit
Sign in to upload your games and track your stats! →
Sign in with Steam
Match 26348167
Unlisted
Match 26348167
Overview
Messages
Build Orders
End
Construct Barracks
Riflemen Squad
Riflemen Squad
1⁄4-ton 4x4 Truck
Riflemen Squad
Construct Medical Station
Infantry Support Center
M1918 Browning Automatic Rifles
Munitions Surplus
Riflemen Squad
Grenade Package
Riflemen Squad
Selects Special Operations Battlegroup
Selects M29 Weasel with M1 Pack Howitzer
Riflemen Squad
Selects P-47 Anti-Infantry Loiter
P-47 Anti-Infantry Loiter
Advanced Logistics
ConcernedApe
Einhander818
MyDingoInternet
Felippe
0
0
Comments
sign in to comment!
No comments posted yet!